 Dungeon Crawl Stone Soup version 0.27-a0-1105-g946c659c87 (webtiles) character file.

Game seed: 7490021075513422044

54 robertstho the Magician (level 3, -7/25 HPs)
             Began as a Djinni Fire Elementalist on Apr 30, 2021.
             Mangled by a steam dragon (12 damage)
             ... on level 3 of the Dungeon.
             The game lasted 00:03:51 (3043 turns).

robertstho the Magician (Djinni Fire Elementalist)  Turns: 3043, Time: 00:03:53

Health: -7/25      AC:  2    Str:  7    XL:     3   Next: 91%
Gold:   9          EV: 12    Int: 17    God:
                   SH:  0    Dex: 13

rFire    + + +     SeeInvis .   g - +2 dagger (pain)
rCold    x x .     Faith    .   (no shield)
rNeg     . . .     Spirit   .   a - +0 robe
rPois    ∞         Reflect  .   (no helmet)
rElec    .         Harm     .   (no cloak)
rCorr    .         Rampage  .   (no gloves)
Will     .....                  (boots unavailable)
Stlth    ++........             (no amulet)
HPRegen  0.08/turn              b - ring of fire
MPRegen  0.00/turn              (no ring)

@: flying
A: fire resistance 2, cold vulnerability 1, float, innate caster, hp casting,
extra vitality 1
a: no special abilities


You were on level 3 of the Dungeon.
You visited 1 branch of the dungeon, and saw 3 of its levels.

You collected 95 gold pieces.
You spent 86 gold pieces at shops.

Inventory:

Hand Weapons
 e - a +0 spear
 g - a +2 dagger of pain (weapon)
 h - a +0 long sword
Armour
 a - a +0 robe (worn)
Jewellery
 b - a ring of fire (left hand)
 d - a ring of poison resistance
Scrolls
 f - 2 scrolls of identify
 l - a scroll of blinking {unknown}
 m - a scroll of fear {unknown}
Potions
 c - a potion of might
 i - a potion of flight {unknown}
 j - 2 potions of lignification {unknown}
 k - a potion of degeneration {unknown}
 n - a potion of heal wounds {unknown}


   Skills:
 + Level 2.4 Dodging
 + Level 2.0 Stealth
 + Level 3.8 Spellcasting


You couldn't memorise any spells.
You knew the following spells:

 Your Spells              Type           Power      Damage    Failure   Level
a - Foxfire               Conj/Fire      96%        2x1d8     3%          1
b - Conjure Flame         Conj/Fire      24%        6-21      10%         3
c - Inner Flame           Hex/Fire       24%        N/A       10%         3
d - Sticky Flame          Conj/Fire      24%        2d5       32%         4
e - Fireball              Conj/Fire      12%        3d7       67%         5
f - Sting                 Tmut/Pois      64%        1d6       3%          1
Your spell library was empty.

Dungeon Overview and Level Annotations

Branches:
Dungeon (3/15)

Altars:

Shops:
D:3 *


Innate Abilities, Weirdness & Mutations

You are immune to poison.
Your flesh is very heat resistant. (rF++)
You are vulnerable to cold. (rC-)
You float through the air rather than walking.
You learn spells naturally, not from books.
Your magical power is your life essence.
You have superior vitality. (+4 HP)


Message History

The foxfire hits the steam dragon.
The steam dragon is almost dead.
The foxfire hits the steam dragon but does no damage.
The steam dragon is almost dead.
The steam dragon breathes steam at you. The ball of steam misses you.
Unknown command.
The steam dragon breathes steam at you. The ball of steam hits you. You resist.
* * * LOW HITPOINT WARNING * * *
You don't have enough health to cast this spell.
You don't have enough health to cast this spell.
Unknown command.
It was a potion of curing.
You feel better.
Casting: Foxfire (safe; 3% risk of failure)
Press: ? - help, Q - select action, (/) - cycle Dir - look around, f - activate You feel a surge of power!
You conjure some foxfire!
The foxfire hits the steam dragon but does no damage.
The steam dragon is almost dead.
The foxfire hits the steam dragon but does no damage.
The steam dragon is almost dead.
Casting: Foxfire (safe; 3% risk of failure)
Press: ? - help, Q - select action, (/) - cycle Dir - look around, f - activate You feel a surge of power!
You conjure some foxfire!
The steam dragon breathes steam at you. The ball of steam hits you. You resist.
* * * LOW HITPOINT WARNING * * *
The foxfire hits the steam dragon.
The steam dragon is almost dead.
The foxfire hits the steam dragon but does no damage.
The steam dragon is almost dead.
The steam dragon completely misses you.
The steam dragon claws you but does no damage.
Unknown command.
Casting: Foxfire (safe; 3% risk of failure)
Press: ? - help, Q - select action, (/) - cycle Dir - look around, f - activate You feel a surge of power!
You conjure some foxfire!
* * * LOW HITPOINT WARNING * * *
The steam dragon bites you!
You die...

#.# #####.#####..
#<...........
#.###)#.###..
#.###....# .
#.##§....# ..D
#.##..#.###.....
#vD(............
#@.....#########
#v##.#.#
#.##.#.###
#.##.....#
#.####.#.#
#.####.#.## ####
#.........#####...
#######>........##
#..∩#######


You could see a steam dragon (catching breath, ally target).

Vanquished Creatures
  An adder (D:2)
  2 bats
  6 endoplasms
  2 giant cockroaches
  4 goblins
  4 hobgoblins (D:2)
  8 jackals
  3 ball pythons (D:1)
  3 frilled lizards
  3 kobolds
  4 rats
40 creatures vanquished.

Vanquished Creatures (others)
  191 foxfires
191 creatures vanquished.

Grand Total: 231 creatures vanquished

Notes
Turn   | Place    | Note
-------+----------+-------------------------------------------
     0 | D:1      | robertstho the Djinni Fire Elementalist began the quest for
                  | the Orb.
     0 | D:1      | Reached XP level 1. HP: 15/15 MP: 0/0
   486 | D:1      | Reached skill level 3 in Spellcasting
   562 | D:1      | Reached XP level 2. HP: 19/21 MP: 0/0
  1314 | D:1      | Reached XP level 3. HP: 21/25 MP: 0/0
  1314 | D:1      | Learned a level 1 spell: Sting
  1507 | D:2      | Found a faded altar of an unknown god.
  2954 | D:3      | Found Gerphiaqu's Assorted Antiques.
  2965 | D:3      | Bought a scroll labelled IMEWIR OTIAWK for 23 gold pieces
  2965 | D:3      | Bought a scroll labelled ZEFEUMPAKH for 23 gold pieces
  2965 | D:3      | Bought a purple potion for 20 gold pieces
  2965 | D:3      | Bought a coppery potion for 20 gold pieces
  3011 | D:3      | Noticed a steam dragon
  3037 | D:3      | HP: 1/25 [steam dragon/ball of steam (3)]
  3043 | D:3      | Mangled by a steam dragon

Illustrated notes

Levels and vault maps discovered:
D:1:      dpeg_arrival_leaves_temple_mockup, layout_basic
D:2:      layout_loops_ring, ebering_ecumenical_altar_ruins,
          wander_ebering_terrifying_dragon_lair
D:3:      layout_loops_cross, gammafunk_temple_overflow_wave, serial_shops,
          shop, serial_park_tiny_pond, st_stairs_14

Skill      XL: |  1  2  3 |
---------------+----------+-----
Spellcasting   | 3 |  3.8
Stealth        | 2 |  2.0
Dodging        | |  2.4

Action                   || total
-------------------------++-------
Melee: Dagger            ||     1
 Cast: Foxfire           ||   116
  Use: Scroll            ||     1
       Potion            ||     1
 Stab: Sleeping          ||     1
Armor: Robe              ||     5
Dodge: Dodged            ||     8

Table legend: (Time is in decaauts)
 A = Elapsed time spent in this place.
 B = Non-inter-level travel time spent in this place.
 C = Inter-level travel time spent in this place.
 D = Time resting spent in this place.
 E = Time spent auto-exploring this place.
 F = Levels seen in this place.
 G = Mean time per level.
                   A        B        C        D        E       F      G
               +--------+--------+--------+--------+--------+-----+--------+
         Total |   3040 |   2993 |     47 |      0 |   2764 |   3 | 1013.3 |
       Dungeon |   3040 |   2993 |     47 |      0 |   2764 |   3 | 1013.3 |
               +--------+--------+--------+--------+--------+-----+--------+

Top non-repeatable levels by time:
     D:1: 1491 daAuts
     D:2: 1415 daAuts
     D:3: 133 daAuts
